 Dungeon Crawl Stone Soup version 0.32-a0-931-g5a2cda0630 (webtiles) character file.

Game seed: 9225140566298391962

83 Hans the Charlatan (level 4, 0/34 HPs)
             Began as a Coglin Artificer on Apr 13, 2024.
             Succumbed to Sigmund's poison
             ... on level 2 of the Dungeon.
             The game lasted 00:08:16 (1643 turns).

Hans the Charlatan (Coglin Artificer)               Turns: 1643, Time: 00:08:16

Health: 0/34       AC:  6    Str: 12    XL:     4   Next: 44%
Magic:  4/4        EV: 10    Int: 10    God:
Gold:   100        SH:  0    Dex: 17    Spells: 3/3 levels left

rFire   . . .        q - +0 dagger {Chaewon}
rCold   . . .        f - +0 dagger {Rafael}
rNeg    . . .        k - +0 ring mail
rPois   .            g - +0 helmet
rElec   .            (no cloak)
rCorr   .            (no gloves)
SInv    .            (no boots)
Will    .....        (amulet unavailable) Stlth
                     (ring unavailable)
HPRegen 0.25/turn    (ring unavailable)
MPRegen 0.09/turn    (no gizmo)

%: no passive effects
@: confused, lethally poisoned (0 -> -12)
A: off-hand wielding, slow wielding, warmup strikes, no jewellery
a: Invent Gizmo


You were on level 2 of the Dungeon.
You visited 1 branch of the dungeon, and saw 2 of its levels.

You collected 100 gold pieces.

Inventory:

Hand Weapons
 a - a +0 club {Minjee}
 f - a +0 dagger (offhand) {Rafael}
 l - a +0 sling
 q - a +0 dagger (weapon) {Chaewon}
Missiles
 p - 12 stones
 s - 3 boomerangs
Armour
 b - a +0 leather armour
 g - a +0 helmet (worn)
 k - a +0 ring mail (worn)
Wands
 c - a wand of flame (15) (quivered)
 d - a wand of charming (15)
 e - a wand of iceblast (5)
Scrolls
 h - 2 scrolls of poison {unknown}
 i - a scroll of vulnerability {unknown}
 m - 2 scrolls of immolation {unknown}
 n - 2 scrolls of teleportation {unknown}
 o - a scroll of summoning {unknown}
 r - a scroll of identify {unknown}
Potions
 j - a potion of ambrosia


   Skills:
 + Level 2.3 Fighting
 - Level 2.5 Armour
 + Level 2.0 Dodging
 - Level 1.0 Stealth
 + Level 4.5 Evocations


You had 3 spell levels left.
You didn't know any spells.
Your spell library was empty.

Dungeon Overview and Level Annotations

Branches:
Dungeon (2/15)

Altars:

Annotations:
D:2 Sigmund


Innate Abilities, Weirdness & Mutations

You can wield a second weapon in your off-hand.
It takes a long time for you to wield or remove held weapons.
Your first few attacks do less damage.
You cannot equip rings or amulets.


Message History

You feel very sick.
You feel sick. Something hits you!
You are more poisoned.
Okay, then.
It was a potion of heal wounds.
You feel much better.
You feel very sick. Something hits you.
You are lethally poisoned!
You are too confused!
Unknown command.
Okay, then.
Okay, then.
You are too confused!
Unknown command.
You feel extremely sick.
You see here a quokka corpse.
Okay, then.
You're too confused to move!
You feel very sick.
A magic dart appears from out of thin air!
The magic dart hits you!
You feel very sick. Something hits you.
* * * LOW HITPOINT WARNING * * *
Unknown command.
* * * LOW HITPOINT WARNING * * *
You feel very sick. Something hits you!
* * * LOW HITPOINT WARNING * * *
You are more poisoned.
Okay, then.
* * * LOW HITPOINT WARNING * * *
You feel very sick.
* * * LOW HITPOINT WARNING * * *
You feel very sick.
You feel less invigorated.
* * * LOW HITPOINT WARNING * * *
You feel very sick.
Something tries to affect you, but you resist.
You die...

.......# #.# #.# ...#...#
#.## #.# ####...# .# #.##
##.## ..# #..# #.# #.#
##.# #####.# #.# ##.#
#.....# #.# #... #.#####
.########.### #... #.###
........@...# #... #.#..
............# #... #.#.#
#######.....# #... ..#.#
#.....# #### ###.# #####
#†....#
..#.####...####.....#
#.#.#.........†.....######
#.#...........#...........
#...........).#...........


There were no monsters in sight!

Vanquished Creatures
  Robin (D:2)
  2 adders (D:2)
  A dart slug (D:1)
  3 ball pythons (D:1)
  3 endoplasms
  A giant cockroach (D:1)
  7 goblins
  6 hobgoblins
  8 jackals (D:1)
  A quokka (D:2)
  3 bats
  2 frilled lizards (D:1)
  5 kobolds
  4 rats (D:1)
47 creatures vanquished.

Notes
Turn   | Place    | Note
-------+----------+-------------------------------------------
     0 | D:1      | Hans the Coglin Artificer began the quest for the Orb.
     0 | D:1      | Reached XP level 1. HP: 15/15 MP: 1/1
    79 | D:1      | Reached skill level 1 in Dodging
   151 | D:1      | Reached XP level 2. HP: 20/21 MP: 2/2
   441 | D:1      | Reached XP level 3. HP: 18/27 MP: 3/3
   448 | D:1      | Reached skill level 1 in Stealth
  1295 | D:2      | Reached XP level 4. HP: 29/33 MP: 4/4
  1425 | D:2      | Noticed Robin
  1488 | D:2      | Killed Robin
  1623 | D:2      | Noticed Sigmund
  1639 | D:2      | HP: 1/34 [something (8)]
  1643 | D:2      | Succumbed to Sigmund's poison

Illustrated notes

Levels and vault maps discovered:
D:1:      ncdulo_wetmaze, layout_loops_ring, minmay_misc_feat_plants,
          minmay_strange_pillars, minmay_cupped
D:2:      layout_basic, uniq_robin, uniq_natasha, uniq_sigmund

Skill      XL: |  1  2  3  4 |
---------------+-------------+-----
Dodging        | 1 2 |  2.0
Armour         | 2 |  2.5
Stealth        | 1 |  1.0
Fighting       | 2 |  2.3
Evocations     | |  4.5

Action                     |  1- 3 |  4- 6 || total
---------------------------+-------+-------++-------
  Melee: Club              |    97 |       ||    97
         Dagger            |   134 |    72 ||   206
    Use: Potion            |       |     2 ||     2
   Stab: Sleeping          |     1 |       ||     1
 Armour: Leather armour    |    50 |       ||    50
         Ring mail         |    49 |    24 ||    73
  Dodge: Dodged            |    75 |    28 ||   103

Table legend: (Time is in decaauts)
 A = Elapsed time spent in this place.
 B = Non-inter-level travel time spent in this place.
 C = Inter-level travel time spent in this place.
 D = Time resting spent in this place.
 E = Time spent auto-exploring this place.
 F = Levels seen in this place.
 G = Mean time per level.
                   A        B        C        D        E       F      G
               +--------+--------+--------+--------+--------+-----+--------+
         Total |   1671 |   1645 |     26 |     21 |   1162 |   2 |  835.5 |
       Dungeon |   1671 |   1645 |     26 |     21 |   1162 |   2 |  835.5 |
               +--------+--------+--------+--------+--------+-----+--------+

Top non-repeatable levels by time:
     D:1: 1106 daAuts
     D:2: 565 daAuts
